 Dungeon Crawl Stone Soup version 0.29-a0-284-gf9362112df (webtiles) character file.

Game seed: 15327454259690824773

14219 siradein the Summoner (level 11, -11/85 HPs)
             Began as a Yellow Draconian Summoner on Mar 17, 2022.
             Was a Believer of Hepliaklqana.
             Shot with an arrow by a centaur warrior (14 damage)
             ... on level 11 of the Dungeon.
             The game lasted 00:58:17 (21159 turns).

siradein the Summoner (Yellow Draconian Summoner)  Turns: 21159, Time: 00:58:18

Health: -11/85     AC: 12    Str: 10    XL:     11   Next: 85%
Magic:  20/22      EV: 14    Int: 20    God:    Hepliaklqana [**....]
Gold:   307        SH:  6    Dex: 12    Spells: 12/25 levels left

rFire   + . .      SeeInvis .   a - +2 trident (pain)
rCold   . . .      Faith    .   j - +0 buckler {rF+}
rNeg    + . .      Spirit   .   (body armour unavailable)
rPois   .          Reflect  .   (helmet restricted)
rElec   .          Harm     .   P - +2 cloak
rCorr   +          Rampage  .   D - +0 pair of gloves
Will    .....                   B - +0 pair of boots
Stlth   ++........              (no amulet)
HPRegen 0.24/turn               p - ring of flight
MPRegen 0.18/turn               J - ring of positive energy

@: flying
A: reduced essence, spit acid, AC +7, unfitting armour, cold-blooded, acid
resistance
a: Breathe Acid, Renounce Religion, Recall Ancestor, Ancestor Identity


You were on level 11 of the Dungeon.
You worshipped Hepliaklqana.
Hepliaklqana was pleased with you.
You visited 2 branches of the dungeon, and saw 12 of its levels.
You also visited: Sewer.

You collected 643 gold pieces.
You spent 336 gold pieces at shops.

Inventory:

Hand Weapons
 a - a +2 trident of pain (weapon)
 b - a +1 morningstar of protection
 c - a +1 hunting sling of flaming
 d - a +0 spear of freezing
Missiles
 e - 3 throwing nets
 K - 4 curare-tipped darts
Armour
 h - a +0 kite shield
 j - a +0 buckler of fire resistance (worn)
 B - a +0 pair of boots (worn)
 D - a +0 pair of gloves (worn)
 P - a +2 cloak (worn)
Jewellery
 p - a ring of flight (left hand)
 J - a ring of positive energy (right hand)
Wands
 y - a wand of mindburst (11)
 A - a wand of acid (5)
 F - a wand of paralysis (13)
 G - a wand of flame (16)
Scrolls
 f - 5 scrolls of teleportation
 g - 3 scrolls of blinking {unknown}
 i - a scroll of acquirement {unknown}
 k - 2 scrolls of magic mapping {unknown}
 l - 3 scrolls of vulnerability {unknown}
 n - 4 scrolls of torment
 r - a scroll of enchant armour {unknown}
 t - 7 scrolls of fear
 x - 4 scrolls of fog {unknown}
 z - a scroll of amnesia {unknown}
 C - 2 scrolls of enchant weapon
 E - a scroll of holy word
 N - 3 scrolls of noise {unknown}
 O - 2 scrolls of immolation
 Q - a scroll of identify
Potions
 m - 2 potions of brilliance
 o - 2 potions of berserk rage
 q - 3 potions of heal wounds
 s - 2 potions of resistance
 u - 4 potions of might {unknown}
 v - 2 potions of curing
 w - 2 potions of magic
 H - 3 potions of lignification
 I - a potion of haste
 L - 3 potions of mutation
 M - a potion of invisibility {unknown}


   Skills:
 + Level 8.7 Fighting
 + Level 6.1 Polearms
 + Level 7.5 Dodging
 - Level 1.7 Stealth
 + Level 7.8 Shields
 + Level 7.6 Spellcasting
 + Level 9.1 Summonings
 + Level 4.5 Air Magic


You had 12 spell levels left.
You knew the following spells:

 Your Spells              Type           Power      Damage    Failure   Level
a - Summon Small Mammal   Summ           100%       N/A       1%          1
b - Call Imp              Summ           44%        N/A       1%          2
c - Call Canine Familiar  Summ           44%        N/A       1%          3
d - Summon Guardian Gole  Hex/Summ       25%        N/A       4%          3
e - Summon Lightning Spi  Summ/Air       34%        N/A       7%          4

Your spell library contained the following spells:

 Spells                   Type           Power      Damage    Failure   Level
 Shock                    Conj/Air       64%        1d7       4%          1
 Swiftness                Air            25%        N/A       4%          3
 Airstrike                Air            12%        N/A       17%         4


Dungeon Overview and Level Annotations

Branches:
Dungeon (11/15)            Temple (1/1) D:6            Lair (0/6) D:8
    Orc (0/2) D:10          Sewer (visited)

Altars:
Ashenzari
Dithmenos
Elyvilon
Fedhas
Gozag
Hepliaklqana
Nemelex Xobeh
Okawaru
Qazlal
Ru
Sif Muna
Trog
Uskayaw
Wu Jian
Xom
Yredelemnul
The Shining One

Shops:
D:6 *   D:8 *   D:9 !

Annotations:
D:5 2 runed translucent doors
D:11 1 transporter


Innate Abilities, Weirdness & Mutations

Your life essence is reduced to manifest your ancestor. (-10% HP)
You can spit globs of acid.
Your golden yellow scales are hard. (AC +7)
You cannot fit into any form of body armour.
You are cold-blooded and may be slowed by cold attacks.
You are resistant to acid. (rCorr)


Message History

You swap places.
The centaur warrior shouts!
You hear a shout! x2
The centaur warrior shoots an arrow.
The arrow hits you!!
You swap places.
You swap places.
What are your orders? t - Shout!
Orders for allies: a - Attack new target. r - Retreat! s - Stop attacking. g - Guard the area. f - Follow me.
Anything else - Cancel.
Gang up on whom?
Press: ? - help, Dir - move target, f - centaur warrior
Aim: a centaur warrior, wielding a +0 longbow Attack!
The centaur warrior shoots an arrow.
The arrow hits Master Baiter!!
The centaur warrior shoots an arrow.
The arrow hits your wolf!!
Your wolf dies!
Your wolf's corpse disappears in a puff of smoke!
The centaur warrior shoots an arrow.
The arrow hits Master Baiter!!
Master Baiter is destroyed!
The centaur shoots an arrow.
The arrow completely misses you.
The centaur warrior shoots an arrow.
The arrow closely misses you.
The centaur shoots an arrow.
The arrow barely misses you.
The centaur warrior shoots an arrow.
The arrow hits you!
A gargoyle comes into view. It is wielding a +0 mace.
The centaur warrior shoots an arrow.
The arrow hits you!
The centaur warrior shoots an arrow.
The arrow hits you!
* * * LOW HITPOINT WARNING * * *
Casting: Call Canine Familiar (safe; 1% risk of failure)
Confirm with . or Enter, or press ? or * to list all spells.
The centaur warrior shoots an arrow.
The arrow misses your hound. The arrow barely misses you.
The centaur warrior shoots an arrow.
The arrow misses your hound. The arrow misses you.
The centaur warrior shoots an arrow.
The arrow hits your hound!!
Your hound dies!
Your hound's corpse disappears in a puff of smoke!
The centaur warrior shoots an arrow.
The arrow hits you!!
* * * LOW HITPOINT WARNING * * *
The centaur warrior shoots an arrow.
The arrow hits you!
You die...

.##...c.##.#
#^.####..9#..#..≈≈
....c.c.<.c#
#.c.....#R#P.#≈≈≈≈
############
##.##.###.#8P#oKoo
#.##.# #.########
#.##.# #.........
#.##.###.#######.
#.##............
########.##..##.#####..
.......@.....##.#####.#
.........###.##.......#
.....>######.##########
#####.........#
#.######..# #..# #.^#
#..# #..#


You could see a centaur warrior.

Vanquished Creatures
  Joseph (D:8)
  Maurice (D:10)
  A wraith (D:9)
  14 yaks
  2 steam dragons
  A sky beast (D:5)
  2 black bears
  2 orc warriors
  2 ice beasts
  2 centaurs
  2 kobold brigands
  A necrophage (D:8)
  4 bullfrogs
  A gnoll sergeant (D:9)
  6 wights
  2 killer bees (D:11)
  A nameless horror (D:9)
  2 howler monkeys (D:11)
  2 jellies
  2 orc priests (D:7)
  A gnoll shaman (D:5)
  4 hounds
  A hexer (D:10)
  2 iguanas (D:5)
  A mummy (D:8)
  13 adders
  7 gnolls
  2 river rats (Sewer)
  2 worms
  6 dart slugs
  21 orcs
  5 endoplasms
  A giant cockroach (D:4)
  2 goblins
  8 hobgoblins
  3 jackals (D:1)
  4 kobolds
  6 quokkas
  3 ball pythons
  5 bats
  7 frilled lizards
  22 rats
177 creatures vanquished.

Vanquished Creatures (collateral kills)
  2 two-headed ogres
  An unseen horror (D:10)
  3 trolls
  Grinder (D:5)
  2 hornets
  A wyvern (D:9)
  14 yaks
  Eustachio (D:4)
  An acid dragon (D:11)
  6 water moccasins
  2 orc warriors (D:10)
  A sky beast (D:6)
  2 black bears
  An ice beast (D:8)
  2 ogres
  A centaur (D:10)
  A kobold brigand (D:10)
  Blork the orc (D:5)
  A bullfrog (D:9)
  3 gnoll sergeants (D:10)
  A wyvern zombie (D:8)
  2 scorpions (D:4)
  4 necrophages
  13 wights
  2 killer bees
  2 howler monkeys
  A centaur zombie (D:8)
  A human zombie (D:8)
  A hound (D:4)
  4 orc priests
  5 orc wizards
  A killer bee zombie (D:8)
  A howler monkey zombie (D:8)
  7 adders
  5 gnolls
  A river rat (Sewer)
  A shadow imp (D:7)
  A white imp (D:6)
  2 ufetubi
  A worm (D:4)
  A dart slug (D:4)
  15 orcs
  2 endoplasms
  A giant cockroach (D:1)
  A goblin (D:1)
  3 hobgoblins
  5 kobolds
  5 quokkas
  2 ball pythons
  A bat (D:1)
  4 frilled lizards
  3 rats (D:4)
146 creatures vanquished.

Vanquished Creatures (others)
  10 hexers
  8 ancestors
  An orc (D:9)
  4 fungi (D:8)
  5 plants (D:8)
28 creatures vanquished.

Grand Total: 351 creatures vanquished

Notes
Turn   | Place    | Note
-------+----------+-------------------------------------------
     0 | D:1      | siradein the Draconian Summoner began the quest for the
                  | Orb.
     0 | D:1      | Reached XP level 1. HP: 14/14 MP: 3/3
   379 | D:1      | Reached XP level 2. HP: 22/22 MP: 5/5
   410 | D:1      | Learned a level 2 spell: Call Imp
   517 | D:1      | Reached skill level 1 in Fighting
  1278 | D:1      | Reached XP level 3. HP: 28/28 MP: 6/6
  1990 | D:2      | Reached XP level 4. HP: 30/36 MP: 4/7
  2103 | D:2      | You fall into a shaft and drop 2 floors!
  2160 | D:4      | Reached skill level 1 in Shields
  2375 | D:3      | Noticed a black bear
  2388 | D:3      | Killed a black bear
  2389 | D:3      | Reached XP level 5. HP: 25/42 MP: 7/9
  2545 | D:3      | Learned a level 3 spell: Call Canine Familiar
  2938 | D:3      | Found a sparkling altar of Nemelex Xobeh.
  3998 | D:2      | Learned a level 3 spell: Summon Guardian Golem
  4075 | D:2      | Reached XP level 6. HP: 47/50 MP: 4/10
  5317 | D:4      | Reached skill level 5 in Summonings
  5679 | D:4      | Your scales start taking on a golden yellow colour.
  5679 | D:4      | Reached XP level 7. HP: 11/57 MP: 10/12
  5679 | D:4      | Gained mutation: You are resistant to acid. (rCorr) [Yellow
                  | Draconian growth]
  6754 | D:5      | Entered Level 5 of the Dungeon
  6754 | D:5      | Found a glowing drain.
  6784 | Sewer    | Entered a sewer
  7293 | D:5      | Reached XP level 8. HP: 67/67 MP: 14/14
  7294 | D:5      | Noticed Grinder
  7315 | D:5      | Killed Grinder
  7316 | D:5      | Reached skill level 6 in Summonings
  7596 | D:5      | Found a blossoming altar of Fedhas.
  7614 | D:5      | Noticed Eustachio
  7829 | D:4      | Killed Eustachio
  8162 | D:5      | Reached skill level 5 in Fighting
  8582 | D:5      | Found a large runed translucent door.
  8583 | D:5      | Found a large runed translucent door.
  8609 | D:5      | Reached skill level 5 in Spellcasting
  8680 | D:5      | Noticed Blork the orc
  8705 | D:5      | Killed Blork the orc
  8976 | D:5      | Reached skill level 5 in Dodging
  9531 | D:6      | Found a staircase to the Ecumenical Temple.
  9557 | D:6      | Reached XP level 9. HP: 41/74 MP: 2/16
  9562 | Temple   | Entered the Ecumenical Temple
  9856 | Temple   | Became a worshipper of Hepliaklqana the Forgotten
  9939 | D:6      | Found Xufad's General Store.
  9988 | D:6      | Learned a level 4 spell: Summon Lightning Spire
 10340 | D:6      | Found a bloodstained altar of Trog.
 10423 | D:6      | Reached skill level 1 in Polearms
 10423 | D:6      | Reached skill level 5 in Shields
 11290 | D:7      | Reached skill level 7 in Summonings
 11445 | D:7      | Reached * piety under Hepliaklqana
 11456 | D:7      | Found an ornate altar of the Wu Jian Council.
 12123 | D:7      | Reached XP level 10. HP: 62/75 MP: 19/19
 13103 | D:8      | Found a staircase to the Lair.
 13253 | D:8      | Noticed Joseph
 13271 | D:8      | Killed Joseph
 13272 | D:8      | Reached skill level 1 in Air Magic
 13451 | D:8      | Found Ajuryac's Serpentskin Sales.
 13765 | D:8      | Found a basalt altar of Yredelemnul.
 13771 | D:8      | Reached skill level 8 in Summonings
 15517 | D:9      | Found an iron altar of Okawaru.
 15531 | D:9      | Reached ** piety under Hepliaklqana
 15532 | D:9      | Remembered your ancestor Master Baiter as a hexer
 15790 | D:9      | Reached XP level 11. HP: 83/83 MP: 18/21
 15879 | D:9      | Reached skill level 5 in Polearms
 16499 | D:9      | Found Ateis's Distillery.
 16931 | D:9      | Bought 2 potions of mutation for 192 gold pieces
 16931 | D:9      | Bought a potion of flight for 36 gold pieces
 16931 | D:9      | Bought a potion of attraction for 36 gold pieces
 16931 | D:9      | Bought a potion of lignification for 36 gold pieces
 16931 | D:9      | Bought a potion of curing for 36 gold pieces
 16951 | D:9      | Noticed a two-headed ogre
 16961 | D:9      | Killed a two-headed ogre
 17119 | D:10     | Entered Level 10 of the Dungeon
 17993 | D:10     | Found a stormy altar of Qazlal.
 18030 | D:10     | Found a staircase to the Orcish Mines.
 19156 | D:10     | Noticed a two-headed ogre
 19504 | D:10     | Killed a two-headed ogre
 20132 | D:10     | Found a staircase to the Orcish Mines.
 20199 | D:10     | Found a stormy altar of Qazlal.
 20302 | D:11     | Reached skill level 9 in Summonings
 20310 | D:11     | Noticed Maurice
 20328 | D:11     | Noticed a centaur warrior
 20901 | D:10     | Killed Maurice
 21107 | D:11     | Found a transporter.
 21117 | D:11     | Noticed an orc high priest
 21120 | D:11     | Noticed an orc sorcerer
 21157 | D:11     | HP: 2/85 [centaur warrior/arrow (22)]
 21159 | D:11     | Shot with an arrow by a centaur warrior

Illustrated notes

Levels and vault maps discovered:
D:1:      sevenhm_arrival_forest_fort_large_4, layout_loops_corners,
          serial_co_window_serial, co_window_cross_1, co_window_paths_b,
          co_window_paths_a, co_window_paths_b, co_window_paths_a,
          co_window_of_opportunity_a, co_window_paths_a,
          co_window_of_opportunity_b, co_window_broadway_b, co_window_corner_b,
          co_window_unsneaky_path_a, co_window_of_opportunity_b,
          co_window_of_opportunity_c, co_window_cross_3, glass_columns_b,
          glass_columns_a, glass_columns_a, glass_columns_a, minmay_tromino_i4
D:2:      kb_forest_paths, layout_basic, st_stairs_10
D:3:      layout_loops_corners, nemelex_diamond_rough_becter,
          due_unseen_surprise
D:4:      minmay_general_purpose_star, layout_basic, kennysheep_big_empty_room,
          minmay_rat_hole
D:5:      layout_basic, fedhas_altar_1, jmf_multi_god_temple2,
          gup_sewer_entry_glass, kennysheep_cluttered_room, uniq_blork_the_orc,
          uniq_grinder, uniq_eustachio
D:6:      layout_basic, mainiacjoe_overflow_24_doors,
          minmay_temple_entry_large_hall, serial_shops, shop,
          hangedman_decor_slide_cut
D:7:      layout_basic, general_overflow_altar
D:8:      layout_loops_ring, lemuel_mausoleum_altar_yredelemnul,
          dpeg_oklobed_lair, guppyfry_shop_venom, uniq_joseph
D:9:      layout_small_grid, okawaru_trees_2, minmay_stone_trees_small,
          nicolae_stop_n_shop_1, minmay_joined_circles
D:10:     layout_basic, mainiacjoe_overflow_alcove_2,
          kennysheep_orc_monster_closet_entryway
D:11:     gammafunk_wand_slinger, layout_loops_ring, uniq_maurice
Temple:   nicolae_temple_figure_eight

Skill      XL: |  1  2  3  4  5  6  7  8  9 10 11 |
---------------+----------------------------------+-----
Dodging        | 2 3 4 5 6 7 |  7.5
Fighting       | 1 2 3 4 5 6 7 8 |  8.7
Shields        | 1 2 3 4 5 6 7 |  7.8
Spellcasting   | 3 4 5 6 7 |  7.6
Summonings     | 5 6 7 8 9 |  9.1
Polearms       | 3 4 6 |  6.1
Air Magic      | 2 4 |  4.5
Stealth        | |  1.7

Action                   |  1- 3 |  4- 6 |  7- 9 | 10-12 || total
-------------------------+-------+-------+-------+-------++-------
Melee: Unarmed           |    56 |       |       |       ||    56
       Tailslap          |    19 |    10 |    48 |    52 ||   129
       Punch             |     1 |       |       |       ||     1
       Short sword       |    16 |       |       |       ||    16
       Dagger            |    37 |   128 |     6 |       ||   171
       Morningstar       |       |       |   254 |   166 ||   420
       Spear             |       |       |    23 |    88 ||   111
       Trident           |       |       |    62 |   150 ||   212
 Fire: Fustibalus        |       |       |     2 |       ||     2
       Hunting sling     |       |       |       |     4 ||     4
 Cast: Summon Small Mamm |    10 |     3 |       |       ||    13
       Call Imp          |    13 |    13 |    23 |    16 ||    65
       Call Canine Famil |       |    21 |    52 |    61 ||   134
       Summon Lightning  |       |       |       |    13 ||    13
Invok: Ancestor Identity |       |       |     1 |       ||     1
       Recall Ancestor   |       |       |       |     4 ||     4
       Ancestor Life: He |       |       |       |     1 ||     1
 Abil: Breathe Acid      |       |       |    13 |     5 ||    18
  Use: Scroll            |       |     5 |     1 |     6 ||    12
 Stab: Sleeping          |     3 |     4 |     4 |     2 ||    13
       Distracted        |       |     1 |     2 |     5 ||     8
       Confused          |       |       |       |     5 ||     5
Armor: Skin              |    27 |    55 |   151 |   121 ||   354
Dodge: Dodged            |    74 |    87 |   247 |   254 ||   662
Block: Kite shield       |    16 |     4 |       |   112 ||   132
       Buckler           |       |    19 |   119 |    74 ||   212

Table legend: (Time is in decaauts)
 A = Elapsed time spent in this place.
 B = Non-inter-level travel time spent in this place.
 C = Inter-level travel time spent in this place.
 D = Time resting spent in this place.
 E = Time spent auto-exploring this place.
 F = Levels seen in this place.
 G = Mean time per level.
                   A        B        C        D        E       F      G
               +--------+--------+--------+--------+--------+-----+--------+
         Total |  21470 |  21037 |    433 |   3466 |  13703 |  13 | 1651.5 |
       Dungeon |  20696 |  20263 |    433 |   3466 |  13097 |  11 | 1881.5 |
        Temple |    315 |    315 |      0 |      0 |    287 |   1 |  315.0 |
         Sewer |    457 |    457 |      0 |      0 |    319 |   1 |  457.0 |
               +--------+--------+--------+--------+--------+-----+--------+

Top non-repeatable levels by time:
     D:9: 3463 daAuts
     D:8: 2741 daAuts
    D:10: 2132 daAuts
     D:4: 2126 daAuts
     D:5: 2031 daAuts
     D:2: 1963 daAuts
     D:1: 1722 daAuts
     D:7: 1561 daAuts
     D:6: 1488 daAuts
     D:3: 1211 daAuts
   Sewer: 457 daAuts
  Temple: 315 daAuts
    D:11: 254 daAuts
